 Dungeon Crawl Stone Soup version 0.31.0-12-g77e489cdc1 (webtiles) character file.

Game seed: 13169700990456009536

103 jagang the Slasher (level 4, 0/37 HPs)
             Began as a Human Monk on Feb 21, 2024.
             Slain by an orc priest
             ... wielding a +0 hand axe
              (6 damage)
             ... on level 3 of the Dungeon.
             The game lasted 00:02:21 (1842 turns).

jagang the Slasher (Human Monk)                     Turns: 1842, Time: 00:02:22

Health: 0/37       AC:  8    Str: 11    XL:     4   Next: 79%
Magic:  4/4        EV:  6    Int: 11    God:
Gold:   109        SH:  0    Dex: 17    Spells: 3/3 levels left

rFire   . . .        a - +0 falchion
rCold   . . .        d - orb {light}
rNeg    . . .        g - +0 chain mail
rPois   .            (no helmet)
rElec   .            (no cloak)
rCorr   .            (no gloves)
SInv    .            (no boots)
Will    .....        (no amulet) Stlth
                     (no ring)
HPRegen 0.26/turn    (no ring)
MPRegen 0.09/turn

%: no passive effects
@: glowing
A: explore regen
a: no special abilities


You were on level 3 of the Dungeon.
You visited 1 branch of the dungeon, and saw 3 of its levels.

You collected 109 gold pieces.

Inventory:

Hand Weapons
 a - a +0 falchion (weapon)
Missiles
 e - 6 poisoned darts (quivered)
 n - 3 boomerangs
Armour
 d - an orb of light (worn)
 g - a +0 chain mail (worn)
Scrolls
 b - a scroll of enchant weapon {unknown}
 f - a scroll of teleportation {unknown}
 i - a scroll of identify {unknown}
 j - a scroll of amnesia {unknown}
 m - a scroll of fog {unknown}
Potions
 c - a potion of ambrosia
 h - a potion of haste {unknown}
 k - a potion of attraction {unknown}
 l - a potion of berserk rage {unknown}


   Skills:
 * Level 3.7 Fighting
 * Level 3.8 Long Blades
 + Level 1.4 Throwing
 * Level 2.0 Armour
 - Level 3.0 Dodging


You had 3 spell levels left.
You didn't know any spells.
Your spell library contained the following spells:

 Spells                   Type           Power      Damage    Failure   Level
 Scorch                   Fire           0%         2d5       100%        2
 Flame Wave               Conj/Fire      0%         2d4       100%        4
 Summon Cactus Giant      Summ           0%         N/A       100%        6


Dungeon Overview and Level Annotations

Branches:
Dungeon (3/15)

Altars:

Annotations:
D:3 1 runed translucent door, Fractals's ghost, weakling DrRe


Innate Abilities, Weirdness & Mutations

You regain HP and MP as you explore.


Message History

Your Armour skill increases to level 2!
Found a ring mail.
Fractals's ghost turns its malevolent gaze towards you.
The orc hits you with a +0 war axe.
Things that are here:
a +0 war axe; a +0 leather armour; an orc corpse You hit the orc but do no damage.
The orc hits you with a +0 war axe.
You hit the orc priest.
The orc priest is moderately wounded.
The orc priest hits you with a +0 hand axe.
The orc hits you with a +0 war axe.
You hit the orc priest but do no damage.
The orc priest is moderately wounded.
The orc priest hits you but does no damage.
The orc hits you with a +0 war axe.
You hit the orc priest.
The orc priest is heavily wounded.
The orc hits you but does no damage.
The orc priest invokes the aid of Beogh against you.
Beogh smites you!
You are too injured to fight recklessly!
You are too injured to fight recklessly!
Unknown command.
You hit the orc priest.
The orc priest is heavily wounded.
The orc priest hits you with a +0 hand axe.
* * * LOW HITPOINT WARNING * * *
The orc hits you but does no damage.
You hit the orc priest.
The orc priest is severely wounded.
The orc priest hits you with a +0 hand axe.
* * * LOW HITPOINT WARNING * * *
The orc barely misses you.
You barely miss the orc priest.
The orc priest is severely wounded.
The orc priest looks encouraged for a moment.
The orc hits you with a +0 war axe.
* * * LOW HITPOINT WARNING * * *
The orc priest hits you with a +0 hand axe.
You die...

#..#.[.#
##..#.~.#
#...#.~.#
#...#.~.#
##...#W~.#
#....##+###
#.........#
#<.@o...#
###.o.#.#
#.......
#####.## #


You could see an orc priest, Fractals's ghost and an orc.

Vanquished Creatures
  5 adders (D:2)
  2 ribbon worms (D:2)
  A dart slug (D:1)
  An orc (D:3)
  4 ball pythons
  3 endoplasms (D:2)
  2 giant cockroaches
  6 goblins
  4 hobgoblins
  8 kobolds
  4 quokkas
  2 bats (D:2)
  4 frilled lizards
  3 rats (D:1)
49 creatures vanquished.

Notes
Turn   | Place    | Note
-------+----------+-------------------------------------------
     0 | D:1      | jagang the Human Monk began the quest for the Orb.
     0 | D:1      | Reached XP level 1. HP: 18/18 MP: 1/1
    68 | D:1      | Reached XP level 2. HP: 24/24 MP: 2/2
   333 | D:1      | Reached skill level 1 in Armour
   594 | D:2      | Reached XP level 3. HP: 25/29 MP: 3/3
   787 | D:2      | Reached skill level 1 in Throwing
   787 | D:2      | Reached XP level 4. HP: 35/35 MP: 4/4
  1831 | D:3      | Found a runed translucent door.
  1835 | D:3      | Noticed Fractals's ghost (weakling DrRe)
  1842 | D:3      | Slain by an orc priest

Illustrated notes

Levels and vault maps discovered:
D:1:      minmay_arrival_plants_in_alcoves, layout_basic
D:2:      layout_basic, chequers_big_river, minmay_octomino_e4
D:3:      layout_loops_corners, ebering_ghost_reflecting_pool, uniq_jessica,
          uniq_natasha

Skill      XL: |  1  2  3  4 |
---------------+-------------+-----
Armour         | 1 2 |  2.0
Throwing       | 1 |  1.4
Fighting       | |  3.7
Long Blades    | |  3.8
Dodging        | |  3.0

Action                     |  1- 3 |  4- 6 || total
---------------------------+-------+-------++-------
  Melee: Falchion          |    65 |    58 ||   123
 Armour: Robe              |     6 |       ||     6
         Chain mail        |    40 |    51 ||    91
  Dodge: Dodged            |    31 |    16 ||    47
